 Dungeon Crawl Stone Soup version 0.30-a0-1075-gcd70e7a56d (webtiles) character file.

Game seed: 11204930188594441055

79 xian the Trooper (level 4, -5/37 HPs)
             Began as a Formicid Berserker on Apr 15, 2023.
             Was a Follower of Kikubaaqudgha.
             Slain by a polar bear (28 damage)
             ... created by the rage of Trog
             ... on level 2 of the Dungeon.
             The game lasted 00:04:40 (2034 turns).

xian the Trooper (Formicid Berserker)               Turns: 2034, Time: 00:04:40

Health: -5/37      AC:  3    Str: 23    XL:     4   Next: 64%
Magic:  4/4        EV: 12    Int:  7    God:    Kikubaaqudgha [*.....]
Gold:   66         SH:  0    Dex: 13    Spells: 2/3 levels left

rFire   . . .      SeeInvis +    l - +0 battleaxe (vamp)
rCold   . . .      Faith    .    (no shield)
rNeg    . . .      Spirit   .    n - +0 leather armour
rPois   +          Reflect  .    (helmet unavailable)
rElec   .          Rampage  .    (no cloak)
rCorr   .                        (no gloves)
Will    .....                    (no boots)
Stlth   ++                       (no amulet)
HPRegen 0.26/turn                j - ring of poison resistance
MPRegen 0.09/turn                k - ring of wizardry

@: no status effects
A: permanent stasis, dig shafts and tunnels, antennae 3, four strong arms
a: Dig, Shaft Self, Renounce Religion, Unearth Wretches


You were on level 2 of the Dungeon.
You worshipped Kikubaaqudgha.
Kikubaaqudgha was aware of your devotion.
You visited 1 branch of the dungeon, and saw 2 of its levels.

You collected 66 gold pieces.

Inventory:

Hand Weapons
 l - a +0 vampiric battleaxe (weapon)
Missiles
 a - 12 stones
Armour
 n - a +0 leather armour (worn)
Jewellery
 i - an amulet of faith
 j - a ring of poison resistance (left hand)
 k - a ring of wizardry (right hand)
Scrolls
 f - a scroll of vulnerability {unknown}
 g - 3 scrolls of identify {unknown}
Potions
 c - a potion of mutation {unknown}
 d - a potion of resistance {unknown}
 e - a potion of berserk rage {unknown}
 h - a potion of might {unknown}
 m - a potion of attraction {unknown}


   Skills:
 + Level 4.1 Fighting
 + Level 3.8 Axes
 + Level 2.4 Armour
 + Level 2.1 Dodging
 + Level 1.6 Stealth


You had 2 spell levels left.
You knew the following spells:

 Your Spells              Type           Power      Damage    Failure   Level
a - Kiss of Death         Conj/Necr      0%         2d5       21%         1

Your spell library contained the following spells:

 Spells                   Type           Power      Damage    Failure   Level
 Necrotise                Necr           0%         1d4       21%         1
 Sublimation of Blood     Necr           0%         N/A       32%         2
 Vampiric Draining        Necr           0%         2d6       52%         3


Dungeon Overview and Level Annotations

Branches:
Dungeon (2/15)

Altars:
Kikubaaqudgha

Shops:
D:1 !


Innate Abilities, Weirdness & Mutations

You cannot be hasted, slowed, berserked, paralysed or teleported.
You can dig through walls and to a lower floor.
You have a pair of large antennae on your head. (SInv)
Your four strong arms can wield two-handed weapons with a shield.


Message History

The bat is severely wounded.
The bat hits you but does no damage.
You closely miss the bat.
The bat is severely wounded.
The bat hits you but does no damage. x2; The bat barely misses you.
The bat hits you but does no damage.
You slash the bat!
You kill the bat!
Kikubaaqudgha accepts your kill.
You see here a bat corpse.
There is a stone staircase leading up here.
There is an open door here.
You see here a +0 mace.
a - 12 stones (gained 5)
You see here a +0 short sword.
There is an empty arch of ancient stone here.
There is an empty arch of ancient stone here.
Found a leather armour.
You open the door.
There is an open door here.
You now have 66 gold pieces (gained 4).
You open the door.
There is an open door here.
Trog sends monsters to punish you. 3 polar bears and a black bear come into view.
The polar bear attacks as you move away!
The polar bear bites you. The polar bear claws you.
The polar bear claws you but does no damage.
There is an open door here.
The black bear rages.
The polar bear rages.
The polar bear bites you. The polar bear claws you. x2
The black bear rages.
The polar bear misses you. The polar bear claws you.
The polar bear closely misses you.
The polar bear attacks as you move away!
The polar bear bites you!!
Ouch! That really hurt!
You die...
Kikubaaqudgha rasps: "You have failed me!
Welcome... death!"

###.### #.# #.##......## #.# #.#
#.###.#....# #รท# ####.####
#.##.###.... ##'## #....[..#
#.###.#.#.## ##...## #.##.##.#
#)# ##.##.# ##.....## #.#...#.#
#.####.##.# #.......###.#...#.#
#.........#
.........#........#########...###
.........'...hhh@......<.........
.........#..h.....#########...###
#....<..##.###.##.# #####).###
##.....###.# #....# #.<......#
##...## #.# ####.# #.###.##.#
##+## #.######.# #.# #....# #.#
#........# #.# ####.# #.#
########.# #.######.# ##.########
#.# #........#


You could see 3 polar bears and a black bear (berserk).

Vanquished Creatures
  A gnoll (D:1)
  2 adders (D:2)
  2 worms (D:2)
  A dart slug (D:1)
  4 ball pythons
  3 endoplasms
  2 giant cockroaches
  4 goblins (D:1)
  2 hobgoblins
  4 jackals (D:2)
  4 kobolds
  4 quokkas
  4 bats
  4 frilled lizards
  A rat (D:2)
42 creatures vanquished.

Notes
Turn   | Place    | Note
-------+----------+-------------------------------------------
     0 | D:1      | xian the Formicid Berserker began the quest for the Orb.
     0 | D:1      | Reached XP level 1. HP: 18/18 MP: 1/1
   113 | D:1      | Reached XP level 2. HP: 16/24 MP: 2/2
   450 | D:1      | Found Opazy's Distillery.
   456 | D:1      | Reached XP level 3. HP: 25/30 MP: 3/3
   798 | D:1      | Reached skill level 1 in Stealth
  1016 | D:2      | Found a faded altar of an unknown god.
  1063 | D:2      | Reached skill level 4 in Fighting
  1066 | D:2      | Reached XP level 4. HP: 30/37 MP: 4/4
  1115 | D:2      | Prayed at the altar of an unknown god.
  1115 | D:2      | Fell from the grace of Trog
  1115 | D:2      | Became a worshipper of Kikubaaqudgha
  1115 | D:2      | Reached * piety under Kikubaaqudgha
  1115 | D:2      | Received a gift from Kikubaaqudgha
  1132 | D:2      | Learned a level 1 spell: Kiss of Death
  2026 | D:2      | Noticed a polar bear
  2026 | D:2      | Noticed a polar bear
  2026 | D:2      | Noticed a polar bear
  2026 | D:2      | Noticed a black bear
  2034 | D:2      | Slain by a polar bear

Illustrated notes

Levels and vault maps discovered:
D:1:      saegor_arrival_fortress, layout_basic, serial_shops, shop,
          minmay_tripent
D:2:      layout_loops_corners, hellmonk_ecumenical_altar_arch_garden,
          kennysheep_generic_room_4

Skill      XL: |  1  2  3 |
---------------+----------+-----
Dodging        | 2 |  2.1
Stealth        | 1 |  1.6
Fighting       | 4 |  4.1
Axes           | |  3.8
Armour         | |  2.4

Action                     |  1- 3 |  4- 6 || total
---------------------------+-------+-------++-------
  Melee: Hand axe          |    78 |     9 ||    87
         Battleaxe         |       |    40 ||    40
   Stab: Sleeping          |     3 |       ||     3
 Armour: Animal skin       |    11 |       ||    11
         Leather armour    |       |    16 ||    16
  Dodge: Dodged            |    53 |    53 ||   106

Table legend: (Time is in decaauts)
 A = Elapsed time spent in this place.
 B = Non-inter-level travel time spent in this place.
 C = Inter-level travel time spent in this place.
 D = Time resting spent in this place.
 E = Time spent auto-exploring this place.
 F = Levels seen in this place.
 G = Mean time per level.
                   A        B        C        D        E       F      G
               +--------+--------+--------+--------+--------+-----+--------+
         Total |   2065 |   2050 |     15 |      0 |   1514 |   2 | 1032.5 |
       Dungeon |   2065 |   2050 |     15 |      0 |   1514 |   2 | 1032.5 |
               +--------+--------+--------+--------+--------+-----+--------+

Top non-repeatable levels by time:
     D:2: 1041 daAuts
     D:1: 1023 daAuts
